 Dungeon Crawl Stone Soup version 0.19-a0-1878-gcbc8a98 (webtiles) character file.

37109 sleepydude the Grappler (level 13, -10/105 (106) HPs)
             Began as a Demonspawn Berserker on Oct 13, 2016.
             Was a High Priest of Trog.
             Mangled by a death yak (22 damage)
             ... on level 5 of the Lair of Beasts.
             The game lasted 01:04:27 (25013 turns).

sleepydude the Grappler (Demonspawn Berserker)     Turns: 25013, Time: 01:04:29

HP:   -10/105 (106) AC: 15    Str: 23    XL:     13   Next: 56%
MP:   13/13         EV: 13    Int:  8    God:    Trog [*****.]
Gold: 1037          SH:  4    Dex: 13    Spells: 0 memorised, 12 levels left

rFire  + . .     SeeInvis +       - Unarmed
rCold  + . .     Gourm    .     d - +2 chain mail {rN+}
rNeg   + . .     Faith    .     (no shield)
rPois  .         Spirit   .     (helmet restricted)
rElec  .         Dismiss  .     i - +0 cloak
rCorr  .         Reflect  +     (no gloves)
MR     .....     Harm     .     (no boots)
Stlth  ..........               V - +4 amulet of reflection
                                R - ring of protection from cold
                                e - ring of see invisible

@: about to teleport
A: claws 2, horns 2, talons 2, demonic guardian 1, fire resistance 1, flame
cloud immunity
a: Berserk, Trog's Hand, Brothers in Arms, Burn Spellbooks, Renounce Religion


You were on level 5 of the Lair of Beasts.
You worshipped Trog.
Trog was extremely pleased with you.
You were not hungry.

You visited 2 branches of the dungeon, and saw 17 of its levels.

You collected 1037 gold pieces.

Inventory:

Hand Weapons
 O - a +2 morningstar
Armour
 d - a +2 chain mail of positive energy (worn)
 i - a +0 cloak (worn)
 z - a +1 plate armour
 K - a +1 ring mail of fire resistance
Jewellery
 e - a ring of see invisible (left claw)
 m - a +6 ring of intelligence
 D - an uncursed ring of ice
 R - a ring of protection from cold (right claw)
 V - a +4 amulet of reflection (around neck)
Wands
 q - a wand of slowing (14/48)
 B - a wand of lightning (7/15)
 G - a wand of teleportation (4/9)
Scrolls
 b - 4 scrolls of recharging
 k - 3 scrolls of enchant armour
 n - a scroll of amnesia
 o - 7 scrolls of identify
 r - 2 scrolls of teleportation
 t - 9 scrolls of remove curse {unknown}
 w - a scroll of fog {unknown}
 y - 3 scrolls of enchant weapon
 C - 3 scrolls of immolation
Potions
 j - 4 potions of curing {unknown}
 l - 2 potions of mutation {unknown}
 p - 2 potions of flight {unknown}
 s - 2 potions of resistance {unknown}
 u - a potion of agility {unknown}
 v - a potion of berserk rage {unknown}
 x - a potion of cancellation {unknown}
 F - 5 potions of brilliance {unknown}
 H - a potion of might {unknown}
 J - a potion of beneficial mutation {unknown}
 P - a potion of lignification {unknown}
 Q - a potion of cure mutation {unknown}
Comestibles
 a - 8 meat rations
 c - 7 bread rations
 f - 11 fruits
 g - 7 slices of pizza
 h - a royal jelly


   Skills:
 + Level 11.2 Fighting
   Level 2.9 Axes
 + Level 9.8 Armour
 + Level 9.8 Dodging
 * Level 13.4 Unarmed Combat


You had 12 spell levels left.
You didn't know any spells.

Dungeon Overview and Level Annotations

Branches:
Dungeon (11/15)            Temple (0/1) D:4            Lair (6/6) D:9
 Shoals (0/4) Lair:3        Snake (0/4) Lair:4        Slime (0/5) Lair:5
    Orc (0/2) D:10

Altars:
Cheibriados
Dithmenos
Fedhas
Hepliaklqana
Makhleb
Ru
Sif Muna
Trog
Vehumet
Xom
Zin
The Shining One
Jiyva

Annotations:
D:6 pokedragonboy's ghost, novice MiFi


Innate Abilities, Weirdness & Mutations

You have very sharp fingernails.
You have a pair of horns on your head.
You have razor-sharp toenails.
A weak demonic guardian rushes to your aid.
Your flesh is heat resistant. (rF+)
You are immune to clouds of flame.


Message History

You climb upwards.
The bullfrog misses you. You block the bullfrog's attack.
There is a stone staircase leading down, spattered with blood here.
Okay, then.
Okay, then.
As you read the scroll of teleportation, it crumbles to dust.
You feel strangely unstable.
The bullfrog hits you but does no damage.
You block the blink frog's attack. The yak closely misses you.
You block the seven-headed hydra's attack.
The seven-headed hydra bites you but does no damage.
The seven-headed hydra bites you.
* * * LOW HITPOINT WARNING * * *
The seven-headed hydra bites you but does no damage.
The seven-headed hydra bites you!
* * * LOW HITPOINT WARNING * * *
The seven-headed hydra bites you.
* * * LOW HITPOINT WARNING * * *
The seven-headed hydra barely misses you.
The death yak gores you!!
You die...

........#### #......#P....##
.......P##.### #####.........##.#
.............###.#..##..PP...####
...............................##
......................##.........
.....................P≈≈≈.P...PP.
....................P≈≈≈#........
...............F.D....≈#.........
.÷..............@F÷..............
##.....P.......DYY..#....P.......
.##.#............................
#..#.............................
.........................P<......
.##..........................<...
####..##......###P##...##........
##.####.P..# ##########.#..###
### #..#### ###.## #


You could see a death yak, a seven-headed hydra, a four-headed hydra, a yak, a
blink frog and a bullfrog.

Vanquished Creatures
  2 hydras (Lair:5)
  Erica (D:8)
  6 death yaks
  An unseen horror (D:10)
  Pikel (D:7)
  3 hill giants (D:10)
  4 elephants (Lair:5)
  Joseph (Lair:1)
  6 black mambas
  A torpor snail (Lair:3)
  A molten gargoyle (Lair:5)
  6 spiny frogs
  A rime drake (Lair:5)
  6 komodo dragons
  A kobold demonologist (D:8)
  A queen bee (D:10)
  A hornet (D:7)
  19 blink frogs
  4 hippogriffs
  2 wyverns
  2 basilisks
  13 yaks
  Grum (D:8)
  19 water moccasins
  4 orc warriors
  9 porcupines
  A slave (D:6)
  5 sky beasts
  3 black bears
  5 phantoms
  A necrophage (D:7)
  4 ogres
  3 wolves
  2 centaurs
  10 big kobolds
  4 crocodiles
  21 bullfrogs
  3 scorpions
  A wyvern skeleton (D:11)
  25 killer bees
  The ghost of roflturtle the Changer, a weakling DrTm (D:3)
  3 electric eels
  8 wights
  A howler monkey (D:5)
  3 crimson imps
  2 centaur zombies
  2 quasits (D:9)
  A hound (D:5)
  3 jellies
  7 orc priests
  5 orc wizards
  2 iguanas
  6 worker ants
  2 hound zombies
  3 hound skeletons
  2 worker ant zombies
  4 gnolls (D:6)
  21 adders
  4 shadow imps
  2 worms
  2 dart slugs
  3 leopard geckos
  24 orcs
  7 bats
  6 giant cockroaches
  6 goblins
  4 hobgoblins
  7 jackals (D:3)
  11 kobolds
  4 quokkas
  A ball python (Lair:4)
  3 frilled lizards
  7 rats
  A bush (Lair:3)
372 creatures vanquished.

Vanquished Creatures (collateral kills)
  5 hydras
  3 death yaks (Lair:1)
  A black mamba (Lair:2)
  A komodo dragon (Lair:2)
  A blink frog (Lair:5)
  2 yaks
  A hornet zombie (D:10)
  A slave (D:7)
  A wolf (D:8)
  A crocodile (Lair:4)
  4 bullfrogs
  3 killer bees (D:10)
  2 bullfrog zombies (D:9)
  2 orcs (D:8)
  2 kobolds (D:8)
  A fungus (Lair:2)
31 creatures vanquished.

Vanquished Creatures (others)
  A slave (D:7)
  An iguana (D:7)
  A bullfrog skeleton (D:8)
  A quokka skeleton (D:8)
  A fungus (Lair:2)
  A plant (D:9)
6 creatures vanquished.

Grand Total: 409 creatures vanquished

Notes
Turn   | Place    | Note
-------+----------+-------------------------------------------
     0 | D:1      | sleepydude the Demonspawn Berserker began the quest for the Orb.
     0 | D:1      | Reached XP level 1. HP: 18/18 MP: 1/1
   362 | D:1      | Gained mutation: You have a pair of small horns on your head. [demonic ancestry]
   362 | D:1      | Reached XP level 2. HP: 19/24 MP: 2/2
  1165 | D:2      | Gained mutation: You have sharp toenails. [demonic ancestry]
  1165 | D:2      | Reached XP level 3. HP: 24/29 MP: 3/3
  1293 | D:2      | Found a burning altar of Makhleb.
  1293 | D:2      | Found a shimmering altar of Xom.
  2024 | D:2      | Reached skill level 1 in Unarmed Combat
  2024 | D:2      | Gained mutation: You have a pair of horns on your head. [demonic ancestry]
  2024 | D:2      | Reached XP level 4. HP: 13/37 MP: 4/4
  2411 | D:3      | Reached ** piety under Trog
  2565 | D:3      | Noticed roflturtle's ghost (weakling DrTm)
  2578 | D:3      | Killed roflturtle's ghost
  2800 | D:3      | Reached skill level 2 in Unarmed Combat
  2800 | D:3      | Gained mutation: Your flesh is heat resistant. (rF+) [demonic ancestry]
  2800 | D:3      | Reached XP level 5. HP: 39/42 MP: 5/5
  3466 | D:3      | Found a blossoming altar of Fedhas.
  3838 | D:3      | Found a shadowy altar of Dithmenos.
  3919 | D:4      | Gained mutation: A weak demonic guardian rushes to your aid. [demonic ancestry]
  3919 | D:4      | Reached XP level 6. HP: 30/48 MP: 6/6
  4777 | D:4      | Found a deep blue altar of Sif Muna.
  4781 | D:4      | Found a glowing silver altar of Zin.
  4828 | D:4      | Found a staircase to the Ecumenical Temple.
  4842 | D:4      | Reached skill level 3 in Unarmed Combat
  5629 | D:5      | Entered Level 5 of the Dungeon
  6235 | D:5      | Noticed a sky beast
  6242 | D:5      | Killed a sky beast
  6242 | D:5      | Reached XP level 7. HP: 55/55 MP: 7/7
  6418 | D:5      | Reached skill level 5 in Fighting
  6418 | D:5      | Reached skill level 4 in Unarmed Combat
  6960 | D:6      | Gained mutation: You have razor-sharp toenails. [demonic ancestry]
  6960 | D:6      | Reached XP level 8. HP: 40/63 MP: 8/8
  7571 | D:6      | Reached skill level 5 in Unarmed Combat
  7697 | D:6      | Noticed pokedragonboy's ghost (novice MiFi)
  8359 | D:6      | Reached *** piety under Trog
  8779 | D:7      | Noticed Pikel
  8956 | D:7      | Killed Pikel
  8956 | D:7      | Reached skill level 5 in Dodging
  8956 | D:7      | Reached skill level 6 in Unarmed Combat
  9048 | D:7      | Gained mutation: You have sharp fingernails. [demonic ancestry]
  9048 | D:7      | Reached XP level 9. HP: 71/71 MP: 9/9
  9063 | D:7      | Reached skill level 5 in Armour
  9264 | D:7      | Reached skill level 7 in Unarmed Combat
 10165 | D:8      | Noticed Grum
 10190 | D:7      | Reached skill level 8 in Unarmed Combat
 10212 | D:8      | Killed Grum
 10305 | D:8      | Found a sacrificial altar of Ru.
 10399 | D:8      | Reached **** piety under Trog
 10409 | D:8      | Gained mutation: You are immune to clouds of flame. [demonic ancestry]
 10409 | D:8      | Reached XP level 10. HP: 74/78 MP: 10/10
 10957 | D:8      | Noticed Erica
 10974 | D:8      | Killed Erica
 11300 | D:9      | Reached skill level 9 in Unarmed Combat
 11918 | D:9      | Found a staircase to the Lair.
 12100 | D:9      | Found a sacrificial altar of Ru.
 12101 | D:9      | Found a snail-covered altar of Cheibriados.
 12103 | D:9      | Found a glowing golden altar of the Shining One.
 12103 | D:9      | Found a radiant altar of Vehumet.
 12630 | D:9      | Found a bloodstained altar of Trog.
 12631 | D:9      | Found a hazy altar of Hepliaklqana.
 13629 | D:10     | Entered Level 10 of the Dungeon
 13683 | D:10     | Reached XP level 11. HP: 67/86 MP: 11/11
 13988 | D:9      | Reached ***** piety under Trog
 14284 | D:10     | Reached skill level 10 in Unarmed Combat
 15103 | D:10     | Noticed a hill giant
 15109 | D:10     | Killed a hill giant
 15199 | D:10     | Noticed a hill giant
 15220 | D:10     | Killed a hill giant
 15654 | D:10     | Noticed an unseen horror
 15671 | D:10     | Killed an unseen horror
 15819 | D:10     | Noticed a hill giant
 15822 | D:10     | Killed a hill giant
 16011 | D:10     | Found a staircase to the Orcish Mines.
 16115 | D:11     | Noticed a hill giant
 16289 | Lair:1   | Entered Level 1 of the Lair of Beasts
 16289 | Lair:1   | Noticed Joseph
 16300 | Lair:1   | Killed Joseph
 16621 | Lair:1   | Reached skill level 11 in Unarmed Combat
 16876 | Lair:1   | Noticed a death yak
 16877 | Lair:1   | Noticed a death yak
 16909 | Lair:1   | Killed a death yak
 17132 | Lair:1   | Noticed a five-headed hydra
 17136 | Lair:1   | Noticed a five-headed hydra
 17137 | Lair:1   | Killed a five-headed hydra
 17140 | Lair:1   | Killed a five-headed hydra
 17156 | Lair:1   | Noticed a death yak
 17157 | Lair:1   | Noticed a death yak
 17162 | Lair:1   | Killed a death yak
 17164 | Lair:1   | Killed a death yak
 17164 | Lair:1   | Gained mutation: You have very sharp fingernails. [demonic ancestry]
 17164 | Lair:1   | Reached XP level 12. HP: 80/95 MP: 12/12
 17166 | Lair:1   | Killed a death yak
 17880 | Lair:2   | Received a gift from Trog
 18169 | Lair:2   | Got a slimy battleaxe {god gift}
 18172 | Lair:2   | Identified the +8 battleaxe of the Butterfly {drain, Dex+7} (Trog gifted it to you on level 2 of the Lair of Beasts)
 18358 | Lair:2   | Noticed a six-headed hydra
 18366 | Lair:2   | Killed a nine-headed hydra
 19131 | Lair:2   | Reached skill level 10 in Fighting
 19131 | Lair:2   | Reached skill level 12 in Unarmed Combat
 19313 | Lair:3   | Noticed a death yak
 19315 | Lair:3   | Noticed a death yak
 19334 | Lair:3   | Killed a death yak
 19577 | Lair:3   | Killed a death yak
 19782 | Lair:3   | Found a staircase to the Shoals.
 19960 | Lair:3   | Noticed a seven-headed hydra
 19970 | Lair:3   | Killed a seven-headed hydra
 20600 | Lair:4   | Got an encrusted war axe
 20601 | Lair:4   | Identified the +11 war axe "Moquc" {chop, *Corrode rC+ Dex+4 SInv} (You found it on level 4 of the Lair of Beasts)
 20649 | Lair:4   | Found a staircase to the Snake Pit.
 20955 | Lair:4   | Noticed a five-headed hydra
 20969 | Lair:4   | Killed a five-headed hydra
 21543 | Lair:4   | Reached XP level 13. HP: 42/103 MP: 13/13
 22736 | Lair:5   | Reached skill level 13 in Unarmed Combat
 23226 | Lair:5   | Found a viscous altar of Jiyva.
 23226 | Lair:5   | Found a staircase to the Slime Pits.
 23622 | Lair:6   | Entered Level 6 of the Lair of Beasts
 25011 | Lair:6   | Upgraded the game from 0.19-a0-1866-ge6f2195 to 0.19-a0-1878-gcbc8a98
 25013 | Lair:5   | Mangled by a death yak

Vault maps used:
D:1:      wheals_arrival_linesprint
D:2:      gammafunk_temple_overflow_elements
D:3:      lemuel_coloured_pillars_altar, lemuel_round_altar, first_bread
D:4:      minitemple
D:7:      kennysheep_six_static_rooms, serial_glass, glass_columns_a,
          glass_columns_a, uniq_pikel
D:8:      special_room, grunt_pizzeria, nicolae_ru_awakened_eye, uniq_erica,
          uniq_grum
D:9:      grunt_temple_overflow_open, gammafunk_temple_overflow_statue,
          david_lair_shrubbed
D:10:     orc_0_dummy
Lair:1:   uniq_joseph
Lair:2:   serial_bayou_lagoon_b
Lair:3:   shoals_dummy_entry, minmay_hedge_maze
Lair:4:   minmay_snake_entry_six_corridors, fungi_pond_lemuel
Lair:5:   dpeg_slime_entry_enclosed_altar, nicolae_volcano_entry_hallway,
          infiniplex_staircase_pool, lemuel_fruit_tree
Lair:6:   hangedman_lair_caniforms_friends, guppyfry_lair_end_dragon,
          grunt_megastairs_4, serial_bayou_shore_b, lemuel_fruit_fields,
          serial_bayou_shore_b

Skill      XL: |  1  2  3  4  5  6  7  8  9 10 11 12 13 |
---------------+----------------------------------------+-----
Armour         | 2 3 4 5 6 7 9 |  9.8
Dodging        | 2 3 4 5 6 7 8 9 |  9.8
Unarmed Combat | 1 2 3 4 6 8 9 11 12 13 | 13.4
Fighting       | 4 5 6 7 8 9 10 11 | 11.2
Axes           | |  2.9

Action                   |  1- 3 |  4- 6 |  7- 9 | 10-12 | 13-15 || total
-------------------------+-------+-------+-------+-------+-------++-------
Melee: Hand axe          |    95 |   167 |    11 |       |       ||   273
       Headbutt          |     7 |    28 |    63 |   142 |    33 ||   273
       Kick              |    10 |    42 |    98 |   239 |    55 ||   444
       War axe           |       |       |   122 |       |       ||   122
       Punch             |       |       |     9 |    34 |     8 ||    51
       Unarmed           |       |       |   168 |   708 |   149 ||  1025
       Battleaxe         |       |       |       |    15 |       ||    15
       Morningstar       |       |       |       |     3 |    14 ||    17
Invok: Berserk           |     2 |     6 |     7 |    14 |     6 ||    35
       Brothers in Arms  |       |       |       |     5 |     1 ||     6
       Burn Spellbooks   |       |       |       |     2 |       ||     2
  Use: Scroll            |       |       |     7 |     3 |    10 ||    20
       Potion            |       |       |     2 |       |       ||     2
 Stab: Distracted        |       |       |     2 |     3 |     2 ||     7
  Eat: Chunk             |     3 |    14 |     9 |    23 |     6 ||    55
       Fruit             |       |     5 |     3 |       |       ||     8
       Pizza             |       |     1 |       |     6 |       ||     7
       Royal jelly       |       |       |     1 |     6 |     5 ||    12
       Bread ration      |       |       |     1 |       |       ||     1
       Beef jerky        |       |       |     2 |     3 |     1 ||     6
Armor: Animal skin       |     8 |       |       |       |       ||     8
       Leather armour    |     9 |    38 |     1 |       |       ||    48
       Plate armour      |       |       |    86 |       |       ||    86
       Chain mail        |       |       |    94 |   312 |    74 ||   480
Dodge: Dodged            |    59 |    95 |   122 |   429 |   117 ||   822
Block: Other             |       |       |       |    10 |    43 ||    53
